 Dungeon Crawl Stone Soup version 0.22-a0-305-gd21a89c (webtiles) character file.

3348 xccam the Blocker (level 10, -5/83 HPs)
             Began as a Formicid Fighter on Mar 30, 2018.
             Was an Initiate of Cheibriados.
             Slain by Joseph
             ... wielding a +0 quarterstaff
              (14 damage)
             ... on level 7 of the Dungeon on Mar 31, 2018.
             The game lasted 00:18:05 (6523 turns).

xccam the Blocker (Formicid Fighter)                Turns: 6523, Time: 00:18:05

Health: -5/83      AC: 11    Str: 24    XL:     10   Next: 22%
Magic:  10/10      EV: 11    Int:  9    God:    Cheibriados [......]
Gold:   294        SH: 13    Dex: 12    Spells: 9/9 levels left

rFire    . . .     SeeInvis +   s - +2 whip (elec)
rCold    . . .     Gourm    .   c - +1 shield
rNeg     . . .     Faith    .   b - +0 scale mail
rPois    .         Spirit   .   (helmet unavailable)
rElec    .         Reflect  .   (no cloak)
rCorr    .         Harm     .   j - +0 pair of gloves
MR       +....                  n - +2 pair of boots
Stlth    ..........             (no amulet)
HPRegen  0.23/turn              (no ring)
MPRegen  0.12/turn              (no ring)

@: very slow
A: permanent stasis, dig shafts and tunnels, four strong arms, antennae 3
a: Dig, Shaft Self, Bend Time, Renounce Religion


You were on level 7 of the Dungeon.
You worshipped Cheibriados.
Cheibriados was noncommittal.
You were not hungry.

You visited 2 branches of the dungeon, and saw 8 of its levels.

You collected 294 gold pieces.

Inventory:

Hand Weapons
 s - a +2 whip of electrocution (weapon)
 t - a +1 flail of protection
Armour
 b - a +0 scale mail (worn)
 c - a +1 shield (worn)
 j - a +0 pair of gloves (worn)
 l - a +0 plate armour
 n - a +2 pair of boots (worn)
Wands
 d - a wand of acid (7)
Scrolls
 a - a scroll of identify
 i - 2 scrolls of enchant armour
 o - a scroll of amnesia
 p - 5 scrolls of remove curse
 u - a scroll of torment
 v - 2 scrolls of magic mapping
Potions
 e - a potion of brilliance
 g - 2 potions of cancellation
 h - 2 potions of flight {unknown}
 k - a potion of lignification
 m - a potion of heal wounds
 q - 2 potions of mutation
 r - a potion of haste {unknown}
Comestibles
 f - 13 rations


   Skills:
 - Level 9.0 Fighting
 - Level 8.6 Maces & Flails
 + Level 4.4 Armour
 + Level 2.2 Dodging
 - Level 9.2 Shields


You had 9 spell levels left.
You didn't know any spells.

Dungeon Overview and Level Annotations

Branches:
Dungeon (7/15)             Temple (1/1) D:4

Altars:
Ashenzari
Cheibriados
Dithmenos
Elyvilon
Fedhas
Gozag
Hepliaklqana
Kikubaaqudgha
Makhleb
Nemelex Xobeh
Okawaru
Qazlal
Ru
Sif Muna
Trog
Uskayaw
Vehumet
Wu Jian
Xom
Yredelemnul
Zin
The Shining One

Shops:
D:4 :

Annotations:
D:7 Joseph


Innate Abilities, Weirdness & Mutations

You cannot be hasted, slowed, berserked, paralysed or teleported.
You can dig through walls and to a lower floor.
Your four strong arms can wield two-handed weapons with a shield.
You have a pair of large antennae on your head. (SInv)


Message History

You whack Joseph!
Joseph is lightly wounded.
Joseph unwields an uncursed hunting sling.
Joseph wields an uncursed quarterstaff.
You block Joseph's attack.
You whack Joseph!
Joseph is moderately wounded.
You whack Joseph!
Joseph is moderately wounded.
Joseph hits you with an uncursed quarterstaff!
* * * LOW HITPOINT WARNING * * *
Unknown command.
You hit Joseph.
Joseph is moderately wounded.
Joseph barely misses you.
You hit Joseph.
Joseph is heavily wounded.
You barely miss Joseph.
Joseph is heavily wounded.
Joseph hits you with an uncursed quarterstaff!
You die...

#.##..?......
#............
##.#.........
#..#....#####
##..##...### ######
####......#...###
#.....##.(.....#####....
.......†(......## ####.
.<.....@........## ##...
...?..@...........##..##
...............##..#.###
........................
...............##....###
..................#...##
..............#.#####..#
#.....##..(........###†.
#####...###...†..


You could see Joseph.

Vanquished Creatures
  Pikel (D:5)
  The ghost of xccam the Cudgeler, a novice FoFi (D:4)
  A troll (D:7)
  Sigmund (D:5)
  Eustachio (D:4)
  Menkaure (D:5)
  Duvessa (D:6)
  2 sky beasts
  An orc warrior (D:7)
  2 slaves (D:5)
  A necrophage (D:5)
  2 phantoms
  3 ogres
  A centaur (D:3)
  2 bullfrogs
  Dowan (D:6)
  A water moccasin zombie (D:7)
  A bullfrog zombie (D:4)
  3 crimson imps
  2 hounds (D:7)
  An orc priest (D:6)
  2 bullfrog skeletons
  2 iguanas
  4 orc wizards
  2 worker ants
  2 worker ant zombies (D:4)
  Robin (D:3)
  6 adders
  3 gnolls (D:6)
  A shadow imp (D:5)
  3 oozes
  An adder zombie (D:4)
  A worm (D:2)
  5 dart slugs
  3 leopard geckos (D:2)
  18 orcs
  2 ball pythons
  6 giant cockroaches
  12 goblins
  8 hobgoblins
  16 jackals
  8 kobolds
  3 quokkas (D:4)
  6 bats
  7 frilled lizards
  A giant cockroach zombie (D:4)
  2 jackal zombies
  A leopard gecko zombie (D:4)
  A quokka zombie (D:4)
  11 rats
168 creatures vanquished.

Vanquished Creatures (others)
  A hound (D:5)
  A worm (D:5)
  A leopard gecko (D:5)
3 creatures vanquished.

Grand Total: 171 creatures vanquished

Notes
Turn   | Place    | Note
-------+----------+-------------------------------------------
     0 | D:1      | xccam the Formicid Fighter began the quest for the Orb.
     0 | D:1      | Reached XP level 1. HP: 18/18 MP: 1/1
    45 | D:1      | Reached XP level 2. HP: 23/24 MP: 2/2
   188 | D:1      | Reached XP level 3. HP: 27/29 MP: 3/3
   556 | D:2      | Reached XP level 4. HP: 26/35 MP: 4/4
  1192 | D:2      | Found a radiant altar of Vehumet.
  1228 | D:2      | Found a blossoming altar of Fedhas.
  1418 | D:2      | Found an opulent altar of Gozag.
  1419 | D:2      | Found a basalt altar of Yredelemnul.
  1480 | D:3      | Noticed a centaur
  1497 | D:3      | Killed a centaur
  1497 | D:3      | Reached skill level 5 in Maces & Flails
  1497 | D:3      | Reached XP level 5. HP: 40/41 MP: 5/5
  1648 | D:3      | Noticed Robin
  1659 | D:3      | Killed Robin
  1659 | D:3      | Reached XP level 6. HP: 47/47 MP: 6/6
  2049 | D:3      | Found a shattered altar of Ashenzari.
  2352 | D:4      | Reached XP level 7. HP: 46/52 MP: 7/7
  2579 | D:4      | Noticed Eustachio
  2662 | D:4      | Noticed xccam's ghost (novice FoFi)
  2721 | D:4      | Found Ribb's Book Shop.
  2841 | D:4      | Killed xccam's ghost
  2841 | D:4      | Reached XP level 8. HP: 42/58 MP: 8/8
  3283 | D:4      | Found a staircase to the Ecumenical Temple.
  3292 | Temple   | Entered the Ecumenical Temple
  3550 | D:4      | Killed Eustachio
  3550 | D:4      | Reached skill level 5 in Shields
  3722 | D:5      | Entered Level 5 of the Dungeon
  3723 | D:5      | Noticed Menkaure
  3752 | D:5      | Killed Menkaure
  4056 | D:5      | Noticed Pikel
  4064 | D:5      | Killed Pikel
  4064 | D:5      | Reached XP level 9. HP: 57/64 MP: 9/9
  4084 | D:5      | Found an opulent altar of Gozag.
  4252 | D:5      | Noticed Sigmund
  4262 | D:5      | Killed Sigmund
  4262 | D:5      | Reached skill level 5 in Fighting
  4270 | D:5      | Found a basalt altar of Yredelemnul.
  5009 | D:6      | Noticed Duvessa
  5009 | D:6      | Noticed Dowan
  5035 | D:6      | Killed Duvessa
  5049 | D:6      | Killed Dowan
  5084 | D:6      | Found a glowing silver altar of Zin.
  5962 | D:7      | Reached XP level 10. HP: 55/82 MP: 10/10
  6226 | D:7      | Found a snail-covered altar of Cheibriados.
  6258 | D:7      | Found an ornate altar of the Wu Jian Council.
  6266 | D:7      | Found a deep blue altar of Sif Muna.
  6271 | D:7      | Became a worshipper of Cheibriados the Contemplative
  6377 | D:7      | Reached skill level 1 in Dodging
  6486 | D:7      | Noticed Joseph
  6523 | D:7      | Slain by Joseph

Vault maps used:
D:1:      saegor_arrival_simple_c
D:2:      old_standard_altar, minitemple, fedhas_altar_4
D:3:      nicolae_ashenzari_panopticon, first_ration, uniq_robin
D:4:      minmay_temple_entry_overgrown, serial_undead, serial_undead_a,
          serial_undead_c, serial_undead_d, serial_undead_a, serial_shops, shop,
          uniq_eustachio
D:5:      basic_altar, nicolae_gozag_seed_capital, uniq_sigmund, uniq_menkaure,
          uniq_pikel
D:6:      zin_scriptorium, uniq_duvessa
D:7:      nicolae_overflow_hidden_temple, uniq_joseph
Temple:   eino_temple_water

Skill      XL: |  1  2  3  4  5  6  7  8  9 10 |
---------------+-------------------------------+-----
Maces & Flails | 3 4 5 7 8 |  8.6
Shields        | 9 |  9.2
Fighting       | 8 9 |  9.0
Armour         | 4 |  4.4
Dodging        | 2 |  2.2

Action                   |  1- 3 |  4- 6 |  7- 9 | 10-12 || total
-------------------------+-------+-------+-------+-------++-------
Melee: Flail             |    94 |   209 |    11 |       ||   314
       Whip              |       |    32 |   468 |    99 ||   599
 Abil: Dig               |       |       |       |     1 ||     1
Evoke: Wand              |       |       |     4 |       ||     4
  Use: Scroll            |       |    11 |     7 |       ||    18
       Potion            |       |       |     5 |     2 ||     7
  Eat: Chunk             |       |     5 |     9 |     2 ||    16
       Ration            |       |       |     1 |       ||     1
Armor: Scale mail        |    38 |   105 |   105 |    12 ||   260
       Skin              |       |       |    34 |       ||    34
Dodge: Dodged            |    29 |    75 |   110 |    20 ||   234
Block: Shield            |    47 |   146 |   246 |    66 ||   505

Table legend:
 A = Spawn XP
 B = Non-spawn XP
 C = Spawn XP percentage of total XP
 D = Spawn monster count
 E = Non-spawn monster count
 F = Spawn count percentage of total count
 G = Total turns spent on level
                    A         B        C        D         E        F      G
               +---------+---------+-------+---------+---------+-------+---------
         Total |       0 |    4784 |   0.0 |       0 |     166 |   0.0 |  6523
               +---------+---------+-------+---------+---------+-------+---------
           D:1 |       0 |      40 |   0.0 |       0 |      22 |   0.0 |   434
           D:2 |       0 |      85 |   0.0 |       0 |      28 |   0.0 |  1014
           D:3 |       0 |     266 |   0.0 |       0 |      36 |   0.0 |   901
           D:4 |       0 |    1027 |   0.0 |       0 |      24 |   0.0 |  1185
           D:5 |       0 |    1481 |   0.0 |       0 |      12 |   0.0 |   920
           D:6 |       0 |     706 |   0.0 |       0 |      16 |   0.0 |  1189
           D:7 |       0 |    1179 |   0.0 |       0 |      28 |   0.0 |   692
               +---------+---------+-------+---------+---------+-------+---------
